 Dungeon Crawl Stone Soup version 0.16-a0-1301-gf74d490 (webtiles) character file.

90494 Ololoev the Bludgeoner (level 16, -2/167 HPs)
             Began as an Ogre Hunter on Oct 14, 2014.
             Was the Champion of Okawaru.
             Succumbed to a red wasp's poison
             ... on level 1 of the Swamp on Oct 15, 2014.
             The game lasted 02:54:06 (37597 turns).

Ololoev the Bludgeoner (Ogre Hunter)               Turns: 37597, Time: 02:54:07

Health: -2/167     AC: 14    Str: 25    XL:     16   Next: 0%
Magic:  29/29      EV: 12    Int:  8    God:    Okawaru [******]
Gold:   2858       SH:  0    Dex: 11    Spells: 1 memorised, 14 levels left

rFire  + + .     SeeInvis .     h - +0 giant spiked club
rCold  + . .     Clarity  +     G - +0 mottled dragon armour
rNeg   . . .     SustAb   .     (shield restricted)
rPois  .         Gourm    .     q - +2 hat of Trumpets {rElec rF++ rC+}
rElec  +         Spirit   .     M - +0 cloak {+Inv}
rCorr  .         Warding  .     (gloves unavailable)
rMut   .         Stasis   .     (boots unavailable)
MR     ++...                    W - amulet of faith
Stlth  +.........               B - +3 ring of slaying
                                b - ring of protection from magic

@: lethally poisoned, exhausted, short of breath, slowed, very slow, very
resistant to hostile enchantments, very unstealthy
A: unfitting armour, icy blue scales 1, blurry vision 1, clarity, dopey 1,
mutation resistance 2, tough skin 1
a: Heroism, Finesse, Renounce Religion, Evoke Invisibility


You were on level 1 of the Swamp.
You worshipped Okawaru.
Okawaru was exalted by your worship.
You were hungry.

You visited 4 branches of the dungeon, and saw 25 of its levels.
You also visited: Ice Cave.

You collected 2909 gold pieces.
You spent 51 gold pieces at shops.

Inventory:

Hand weapons
 h - a +0 giant spiked club (weapon)
 m - a +3 flail
Missiles
 c - a throwing net
 F - 32 large rocks (quivered)
 Q - 13 tomahawks of dispersal
 X - 4 javelins of penetration
Armour
 q - the +2 hat of Trumpets (worn) {rElec rF++ rC+}
   (Okawaru gifted it to you on level 7 of the Lair of Beasts)

   It greatly protects you from fire.
   It protects you from cold.
   It insulates you from electricity.
 G - a +0 mottled dragon armour (worn)
 M - a +0 cloak of invisibility (worn)
Jewellery
 b - a ring of protection from magic (left hand)
 v - an uncursed ring of flight
 B - a +3 ring of slaying (right hand)
 E - an uncursed amulet of resist mutation
 H - an uncursed ring of teleport control
 W - an amulet of faith (around neck)
Magical devices
 w - a wand of disintegration (0)
 y - a wand of confusion (26)
 I - a wand of hasting (1)
 N - a wand of digging (3)
Scrolls
 e - 3 scrolls of fog
 j - a scroll of blinking
 l - 5 scrolls of teleportation
 n - 4 scrolls of immolation
 p - 7 scrolls of enchant weapon
 A - a scroll of enchant armour
 C - 8 scrolls of remove curse
 L - a scroll of fear
 O - 2 scrolls of magic mapping
 V - 2 scrolls of recharging
Potions
 k - 5 potions of curing
 o - 2 potions of cancellation
 r - 5 potions of might
 s - 2 potions of heal wounds
 t - a potion of flight
 u - 2 potions of cure mutation
 x - 4 potions of restore abilities
 D - 2 potions of resistance
 S - 2 potions of brilliance
 U - a potion of haste
Miscellaneous
 a - a lamp of fire
Comestibles
 f - 12 meat rations
 g - 8 bread rations
 J - 46 fruits
 T - 15 beef jerkies


   Skills:
 - Level 12.5 Fighting
 + Level 19.9 Maces & Flails
 - Level 10.2 Throwing
 + Level 11.0 Armour
 - Level 7.6 Dodging
 - Level 0.7 Stealth
 - Level 10.6 Evocations


You had 14 spell levels left.
You knew the following spells:

 Your Spells              Type           Power        Failure   Level  Hunger
a - Apportation           Tloc           #.........   43%         1    ##.....


Dungeon Overview and Level Annotations

Branches:
Dungeon (12/15)            Temple (0/1) D:4             Orc (4/4) D:10
    Elf (0/3) Orc:4          Lair (8/8) D:10          Swamp (1/5) Lair:5
  Snake (0/5) Lair:5        Slime (0/6) Lair:8

Altars:
Fedhas
Makhleb
Nemelex Xobeh
Okawaru
Sif Muna
Trog
Vehumet
Yredelemnul
Zin
The Shining One
Beogh

Shops:
D:7 :   Orc:4 (*[:

Annotations:
D:6 exclusion: statue


Innate Abilities, Weirdness & Mutations

You are too large for most types of armour.
You have tough skin (AC +1).
You are partially covered in icy blue scales (AC +1).
Your vision is a little blurry.
You possess an exceptional clarity of mind.
You are dopey. (Int -2)
You are somewhat resistant to both further mutation and mutation removal.


Message History

* * * LOW HITPOINT WARNING * * *
The spriggan rider hits you from afar with a glowing spear!
* * * LOW HITPOINT WARNING * * *
The spriggan rider hits you but does no damage.
* * * LOW HITPOINT WARNING * * *
You feel very sick.
The spriggan rider hits you from afar with an uncursed spear!
* * * LOW HITPOINT WARNING * * *
The alligator barely misses you.
The alligator tail-slaps you but does no damage.
You are too berserk!
You are too berserk!
You enter the shallow water.
Moving in this stuff is going to be slow.
You feel a strong urge to attack something.
You are no longer berserk.
You are exhausted.
You feel as though you will be slow longer.
You are feeling hungry.
You die...

..♣♣♣.≈.≈≈.♣♣(♣.♣
♣♣....≈...♣♣♣♣≈.♣♣
♣.≈≈♣≈≈.♣♣ ♣≈..♣
...♣♣≈≈≈.♣ ♣♣≈≈♣
♣.≈≈.....♣ ♣.♣.♣
♣....≈..♣♣
♣(♣≈≈≈≈≈≈
♣♣...≈..♣
♣.♣♣♣♣≈.♣ ♣.≈.≈..♣
♣..♣♣≈≈♣♣ ♣♣..≈..♣
♣♣@..≈♣ . ≈ .
♣.≈.♣♣♣ ♣♣t..♣
♣iii♣♣ ♣..≈.♣
♣.≈≈♣.♣ ♣..♣.≈♣♣
.≈...§. ≈≈≈≈.≈♣


You could see an alligator and 3 spriggan riders.

Vanquished Creatures
  Rupert (Lair:8)
  An orc warlord (Orc:4)
  The ghost of braks the Martial Artist, a powerful DrTm of Makhleb (Orc:4)
  Snorg (Swamp:1)
  2 fire dragons
  6 hydras
  Harold (Lair:3)
  Erica (Orc:3)
  An alligator (Swamp:1)
  7 death yaks
  4 orc high priests (Orc:4)
  Nergalle (Orc:2)
  A fire crab (Lair:8)
  A hill giant (D:11)
  An ice statue (IceCv)
  Erolcha (D:9)
  Pikel (D:8)
  6 ugly things
  A necromancer (IceCv)
  2 orc sorcerers (Orc:4)
  A griffon (Lair:6)
  A red wasp (Swamp:1)
  A wolf spider (Lair:7)
  A cyclops (D:11)
  3 orc knights (Orc:4)
  12 elephants
  4 black mambas
  A torpor snail (Lair:5)
  A gargoyle (D:11)
  Psyche (D:9)
  8 spiny frogs
  5 komodo dragons
  10 freezing wraiths (IceCv)
  6 fire drakes
  A queen bee (D:11)
  Grinder (D:4)
  A tengu conjurer (D:10)
  7 blink frogs
  6 polar bears
  4 trolls
  A wolf spider simulacrum (IceCv)
  Sonja (D:11)
  A giant leech (Swamp:1)
  11 slime creatures
  A bog body (Swamp:1)
  A boulder beetle (Lair:7)
  2 ravens (D:10)
  A trapdoor spider (D:12)
  4 basilisks
  60 yaks
  3 water elementals (D:11)
  2 wyverns
  A shadow (D:11)
  14 hippogriffs
  9 vampire mosquitoes
  Eustachio (Orc:2)
  Grum (D:11)
  9 hogs (Lair:8)
  A deep elf fighter (D:10)
  A steam dragon (Lair:8)
  A hungry ghost (D:11)
  A hill giant skeleton (D:10)
  5 swamp worms (Swamp:1)
  A death yak simulacrum (IceCv)
  18 water moccasins
  18 wolves
  12 wargs
  15 porcupines
  31 orc warriors
  8 ice beasts
  A mottled dragon (Lair:8)
  3 swamp drakes (Lair:8)
  9 black bears
  4 hell hounds (Lair:8)
  7 centaurs
  3 yellow wasps
  3 sky beasts
  21 crocodiles
  A slave (D:8)
  11 ogres
  2 phantoms
  A big kobold (D:10)
  2 boring beetles
  24 giant frogs
  Blork the orc (D:6)
  12 insubstantial wisps (Swamp:1)
  2 scorpions
  24 killer bees (D:11)
  10 wights
  A yak zombie (D:8)
  A hippogriff zombie (D:5)
  7 electric eels
  A vampire bat (D:4)
  7 jellies
  5 crimson imps
  A giant frog zombie (D:10)
  A quasit (D:10)
  A goliath beetle (D:9)
  5 draconian simulacra (IceCv)
  2 giant frog skeletons
  30 orc wizards
  2 centaur zombies
  8 iguanas
  21 orc priests
  2 spriggan simulacra (IceCv)
  22 hounds
  2 gnoll shamans (D:9)
  3 troll simulacra (IceCv)
  A wolf simulacrum (IceCv)
  A polar bear simulacrum (IceCv)
  5 worker ants
  18 sheep
  A killer bee zombie (D:5)
  Ijyb (D:5)
  2 centaur simulacra (IceCv)
  A big kobold skeleton (D:5)
  An ogre skeleton (D:5)
  A hound skeleton (D:5)
  3 mummies
  2 worker ant zombies (D:5)
  27 gnolls
  4 naga simulacra (IceCv)
  A scorpion zombie (D:5)
  31 adders
  21 green rats
  4 orc skeletons
  3 giant mites
  2 shadow imps
  12 white imps (IceCv)
  4 ogre simulacra (IceCv)
  3 worms
  An iguana zombie (D:5)
  An adder zombie (D:5)
  An iguana skeleton (D:11)
  5 giant geckos
  2 oozes (Lair:8)
  182 orcs
  A spectral bat (D:4)
  23 bats
  3 bat skeletons (D:4)
  A bat zombie (D:4)
  3 fire bats (D:4)
  10 giant cockroaches
  30 goblins
  12 hobgoblins
  10 jackals
  24 kobolds
  8 quokkas
  3 ball pythons
  A bat simulacrum (D:4)
  A giant gecko skeleton (D:5)
  2 giant newts
  A giant spore (D:7)
  A goblin skeleton (D:5)
  2 goblin zombies (D:5)
  A quokka zombie (D:5)
  25 rats
  4 spectral orcs
  4 ballistomycetes (D:7)
  4 butterflies
  4 plants
1133 creatures vanquished.

Vanquished Creatures (others)
  2 water moccasins (Lair:8)
  A hound (D:8)
  A spectral bat (D:4)
  3 butterflies
  18 fungi
  5 plants
30 creatures vanquished.

Grand Total: 1163 creatures vanquished

Notes
Turn   | Place    | Note
--------------------------------------------------------------
     0 | D:1      | Ololoev, the Ogre Hunter, began the quest for the Orb.
     0 | D:1      | Reached XP level 1. HP: 22/22 MP: 1/1
    82 | D:1      | Reached skill level 1 in Maces & Flails
   613 | D:1      | Reached XP level 2. HP: 29/29 MP: 2/2
  1141 | D:1      | Reached XP level 3. HP: 33/36 MP: 3/3
  1155 | D:1      | Reached skill level 5 in Throwing
  1784 | D:2      | Reached XP level 4. HP: 24/44 MP: 4/4
  2375 | D:2      | Reached skill level 6 in Throwing
  2482 | D:2      | Reached XP level 5. HP: 50/50 MP: 5/5
  2608 | D:2      | Found an iron altar of Okawaru.
  2608 | D:2      | Found a sparkling altar of Nemelex Xobeh.
  2612 | D:2      | Became a worshipper of Warmaster Okawaru
  3499 | D:4      | Noticed a crocodile
  3504 | D:4      | Killed a crocodile
  3504 | D:4      | Reached skill level 7 in Throwing
  3504 | D:4      | Reached XP level 6. HP: 59/59 MP: 6/6
  3512 | D:4      | Found a staircase to the Ecumenical Temple.
  3849 | D:4      | Acquired Okawaru's first power
  4050 | D:4      | Reached skill level 5 in Maces & Flails
  4050 | D:4      | Reached XP level 7. HP: 62/66 MP: 7/7
  4606 | D:4      | Found a deep blue altar of Sif Muna.
  4652 | D:4      | Reached skill level 8 in Throwing
  4991 | D:4      | Noticed Grinder
  4993 | D:4      | Killed Grinder
  4993 | D:4      | Reached skill level 9 in Throwing
  4993 | D:4      | Reached XP level 8. HP: 74/74 MP: 8/8
  5207 | D:5      | Entered Level 5 of the Dungeon
  5207 | D:5      | Noticed Ijyb
  5215 | D:5      | Killed Ijyb
  5230 | D:5      | Got a warped quarterstaff
  5278 | D:5      | Identified the +3 quarterstaff of Resourcefulness {crush, +Rage +Fly rPois} (You found it on level 5 of the Dungeon)
  5540 | D:5      | Reached skill level 10 in Throwing
  5693 | D:5      | Found a glowing golden altar of the Shining One.
  5839 | D:5      | Found a bloodstained altar of Trog.
  6018 | D:6      | Noticed Blork the orc
  6020 | D:6      | Killed Blork the orc
  6100 | D:6      | Reached XP level 9. HP: 80/80 MP: 9/9
  6163 | D:6      | Reached skill level 10 in Maces & Flails
  6397 | D:6      | Reached skill level 11 in Maces & Flails
  6439 | D:6      | Found a radiant altar of Vehumet.
  6448 | D:6      | Received a gift from Okawaru
  6887 | D:7      | Learned a level 1 spell: Apportation
  6899 | D:7      | Noticed a green ugly thing
  6910 | D:7      | Killed a green ugly thing
  7082 | D:7      | Found Gusehi's Book Shop.
  7194 | D:7      | Received a gift from Okawaru
  7214 | D:7      | Reached skill level 12 in Maces & Flails
  7481 | D:8      | Reached XP level 10. HP: 98/98 MP: 10/10
  7943 | D:8      | Found a glowing golden altar of the Shining One.
  8013 | D:8      | Noticed Pikel
  8021 | D:8      | Killed Pikel
  8021 | D:8      | Reached skill level 13 in Maces & Flails
  8028 | D:8      | Received a gift from Okawaru
  8069 | D:8      | Found a basalt altar of Yredelemnul.
  8275 | D:9      | Noticed Psyche
  8287 | D:9      | Killed Psyche
  8321 | D:9      | Got a jewelled war axe
  8327 | D:9      | Identified the +6 war axe of Prudence {flame, rC+} (You found it on level 9 of the Dungeon)
  8415 | D:9      | Found a roughly hewn altar of Beogh.
  8813 | D:9      | Noticed a seven-headed hydra
  8850 | D:9      | Killed a seven-headed hydra
  8850 | D:9      | Acquired Okawaru's second power
  8850 | D:9      | Reached skill level 5 in Evocations
  8920 | D:9      | Received a gift from Okawaru
  8927 | D:9      | Noticed Erolcha
  8931 | D:9      | Killed Erolcha
  8931 | D:9      | Reached skill level 14 in Maces & Flails
  8954 | D:9      | Received a gift from Okawaru
  9040 | D:9      | Reached XP level 11. HP: 105/105 MP: 20/20
  9586 | D:10     | Entered Level 10 of the Dungeon
  9682 | D:10     | Found a blossoming altar of Fedhas.
  9715 | D:10     | Received a gift from Okawaru
  9719 | D:10     | Found a staircase to the Orcish Mines.
  9741 | D:10     | Received a gift from Okawaru
  9745 | D:10     | Got a transparent shield {god gift}
  9751 | D:10     | Identified the +6 shield of Activism {+Fly} (Okawaru gifted it to you on level 10 of the Dungeon)
  9805 | D:10     | Found a roughly hewn altar of Beogh.
 10208 | D:10     | Found a staircase to the Lair.
 10783 | D:11     | Noticed Grum
 10788 | D:11     | Killed Grum
 11867 | D:11     | Reached skill level 15 in Maces & Flails
 12793 | D:11     | Found a glowing silver altar of Zin.
 12829 | D:11     | Noticed Sonja
 12835 | D:11     | Killed Sonja
 13158 | D:11     | Reached skill level 16 in Maces & Flails
 13158 | D:11     | Reached XP level 12. HP: 101/115 MP: 24/24
 13161 | D:11     | Noticed a hill giant
 13168 | D:11     | Killed a hill giant
 13812 | D:12     | Reached skill level 1 in Armour
 14462 | D:12     | Received a gift from Okawaru
 15023 | D:12     | Noticed a fire dragon
 15032 | D:12     | Killed a fire dragon
 15627 | D:12     | Noticed a seven-headed hydra
 15633 | D:12     | Killed a seven-headed hydra
 15874 | D:12     | Received a gift from Okawaru
 16549 | Orc:1    | Entered Level 1 of the Orcish Mines
 16718 | Orc:2    | Found a frozen archway.
 16725 | Orc:2    | Reached skill level 10 in Fighting
 16806 | IceCv    | Entered an ice cave
 17409 | IceCv    | Received a gift from Okawaru
 17426 | IceCv    | Reached skill level 5 in Dodging
 17832 | IceCv    | Reached XP level 13. HP: 112/135 MP: 22/25
 18305 | IceCv    | Found an ancient bone altar of Kikubaaqudgha.
 18309 | IceCv    | Received a gift from Okawaru
 18398 | IceCv    | Reached skill level 5 in Armour
 18918 | Orc:2    | Noticed Nergalle
 18944 | Orc:2    | Killed Nergalle
 19628 | Orc:3    | Received a gift from Okawaru
 20271 | Orc:3    | Found a burning altar of Makhleb.
 20454 | Orc:3    | Found a roughly hewn altar of Beogh.
 20616 | Orc:4    | Entered Level 4 of the Orcish Mines
 20616 | Orc:4    | Noticed braks' ghost (powerful DrTm)
 20654 | Orc:2    | Noticed Erica
 20654 | Orc:2    | Noticed Eustachio
 20668 | Orc:3    | Killed Erica
 21008 | Orc:2    | Killed Eustachio
 21480 | Orc:4    | Found a staircase to the Elven Halls.
 21774 | Orc:4    | Killed braks' ghost
 22252 | Orc:4    | Noticed an orc warlord
 22318 | Lair:1   | Entered Level 1 of the Lair of Beasts
 22603 | Lair:1   | Received a gift from Okawaru
 23225 | Lair:1   | Received a gift from Okawaru
 23722 | Lair:2   | Received a gift from Okawaru
 24206 | Lair:3   | Received a gift from Okawaru
 24209 | Lair:3   | Got a silk robe {god gift}
 24220 | Lair:3   | Identified the +1 robe of Pandemonium {Str+3 Dex+2 Int+3} (Okawaru gifted it to you on level 3 of the Lair of Beasts)
 24312 | Lair:3   | Noticed Harold
 24329 | Lair:3   | Killed Harold
 25369 | Lair:4   | Reached XP level 14. HP: 150/150 MP: 26/26
 26233 | Lair:5   | Found a staircase to the Snake Pit.
 26566 | Lair:5   | Reached skill level 17 in Maces & Flails
 27622 | Lair:5   | Found a staircase to the Swamp.
 29021 | Lair:7   | Received a gift from Okawaru
 29586 | D:7      | Gained mutation: You are somewhat resistant to further mutation. [potion of mutation]
 29586 | D:7      | Gained mutation: Your vision is a little blurry. [potion of mutation]
 29587 | D:7      | Gained mutation: You are dopey. (Int -2) [potion of mutation]
 29587 | D:7      | Gained mutation: You possess an exceptional clarity of mind. [potion of mutation]
 29588 | D:7      | Gained mutation: You are somewhat resistant to both further mutation and mutation removal. [potion of mutation]
 30513 | Lair:7   | Received a gift from Okawaru
 30514 | Lair:7   | Got a warped hat {god gift}
 30520 | Lair:7   | Identified the +2 hat of Trumpets {rElec rF++ rC+} (Okawaru gifted it to you on level 7 of the Lair of Beasts)
 30713 | Lair:7   | Found a radiant altar of Vehumet.
 31053 | Lair:7   | Reached skill level 18 in Maces & Flails
 32327 | Lair:8   | Entered Level 8 of the Lair of Beasts
 32346 | Lair:8   | Reached XP level 15. HP: 133/158 MP: 25/27
 32585 | Lair:8   | Received a gift from Okawaru
 32683 | Lair:8   | Found a staircase to the Slime Pits.
 33003 | Lair:8   | Noticed Rupert
 33029 | Lair:8   | Killed Rupert
 33029 | Lair:8   | Received a gift from Okawaru
 33278 | Lair:8   | Received a gift from Okawaru
 33278 | Lair:8   | Reached skill level 10 in Armour
 33434 | Lair:8   | Reached skill level 19 in Maces & Flails
 34284 | Lair:8   | Reached skill level 10 in Evocations
 35603 | Orc:4    | Killed an orc warlord
 35688 | Orc:4    | Found Truttakh's Antique Weapon Boutique.
 35755 | Orc:4    | Received a gift from Okawaru
 36129 | Orc:4    | Found Bomog's Book Boutique.
 36237 | Orc:4    | Found Giatufaq's Antique Armour Boutique.
 36243 | Orc:4    | Upgraded the game from 0.16-a0-1276-g18860b1 to 0.16-a0-1301-gf74d490
 36277 | Orc:4    | Found Ceavemukh's General Store.
 36639 | Orc:4    | Bought a scroll of remove curse for 51 gold pieces
 36986 | Swamp:1  | Entered Level 1 of the Swamp
 37147 | Swamp:1  | Gained mutation: You are partially covered in icy blue scales (AC +1). [potion of beneficial mutation]
 37228 | Swamp:1  | Noticed Snorg
 37232 | Swamp:1  | Killed Snorg
 37589 | Swamp:1  | Paralysed by a red wasp for 4 turns
 37594 | Swamp:1  | Reached XP level 16. HP: 47/167 MP: 29/29
 37595 | Swamp:1  | HP: 12/250 [spriggan rider/glowing spear (8)]
 37596 | Swamp:1  | HP: 1/250 [spriggan rider/uncursed spear (8)]
 37597 | Swamp:1  | Succumbed to a red wasp's poison

Action                   |  1- 3 |  4- 6 |  7- 9 | 10-12 | 13-15 | 16-18 || total
-------------------------+-------+-------+-------+-------+-------+-------++-------
Melee: Mace              |   104 |   188 |   276 |   455 |       |       ||  1023
       Club              |    10 |       |       |       |       |       ||    10
       Whip              |       |       |       |    66 |       |       ||    66
       Flail             |       |       |       |   100 |  1158 |       ||  1258
       Giant spiked club |       |       |       |       |   479 |     1 ||   480
Throw: Large rock        |     7 |    16 |    13 |   102 |   182 |       ||   320
       Javelin           |       |       |    57 |   225 |   203 |       ||   485
       Throwing net      |       |       |     1 |     1 |     2 |       ||     4
       Tomahawk          |       |       |       |       |     7 |       ||     7
 Cast: Apportation       |       |       |       |       |     3 |       ||     3
Invok: Heroism           |       |       |       |    11 |    11 |       ||    22
       Finesse           |       |       |       |       |     2 |       ||     2
Evoke: Wand              |       |       |     1 |     9 |     5 |       ||    15
  Use: Potion            |       |     1 |       |     7 |     8 |       ||    16
       Scroll            |       |       |     6 |    22 |    17 |       ||    45
 Stab: Sleeping          |       |       |     1 |       |       |       ||     1
       Held in net/web   |       |       |     1 |       |       |       ||     1
       Paralysed         |       |       |       |     4 |       |       ||     4
       Fleeing           |       |       |       |       |     1 |       ||     1
  Eat: Chunk             |     3 |     7 |     9 |    14 |    34 |       ||    67
       Royal jelly       |       |       |     1 |     7 |     8 |       ||    16
       Pizza             |       |       |       |     2 |     1 |       ||     3
       Beef jerky        |       |       |       |     2 |       |       ||     2
       Fruit             |       |       |       |       |    15 |       ||    15
